Cogmind - Beta 14 @@@ ROGUE MODE // 2024.12.08 @ 02:46:25 Player: K.Ioz Result: Destroyed by X-87 Electro with Compact HERF Cannon Performance ------------- Evolutions (8) 4000 Regions Visited (19) 3800 Robots Destroyed (310) 1550 Value Destroyed (14102) 14102 Prototype IDs (52) 1040 Alien Tech Used (2) 400 Bonus (8964) 8964 TOTAL SCORE: 33856 Bonus ------- High Alert Combat Kills 1092 Follower Combat Kills 2046 Entered Garrisons 200 Used RIF Installer 1000 Built Enhanced Grunts 300 A7 Reached Mainframe 300 Used Core Reset Matrix 3000 Met R17 at Research 2000 Friendly Fire -974 Cogmind --------- Core Integrity 0/1450 Matter 217/300 Energy 0/350 System Corruption 30% Temperature Cool (0) Movement Core (350) Ox6 Location -2/Quarantine Parts ------- > --- POWER (2) -------- Quantum Reactor > --- PROPULSION (5) --- (None) > --- UTILITY (13) ----- (None) > --- WEAPON (3) ------- (None) > --- INVENTORY (5) ---- High-capacity Matter Pod (200) Advanced Transmission Jammer Advanced Shield Generator Subatomic Replicator Plasma Lance Peak State ------------ > --- POWER ------------ Fusion-Particle Core > --- PROPULSION ------- Myomer-Centrium Exoskeleton > --- UTILITY ---------- Armored Scrap Engine Experimental Thermal Generator High-capacity Storage Unit Experimental Sensor Array Advanced Signal Interpreter Advanced Signal Interpreter Experimental Targeting Computer Experimental Core Analyzer Advanced Transmission Jammer Centrium Medium Armor Plating Graphene Brace Experimental Hardlight Generator > --- WEAPON ----------- Rapid Ballistic Gauss Construct/G Plasma Lance > --- INVENTORY -------- Advanced Cryofiber Web Advanced Heat Sink Experimental Heat Sink Advanced Coolant Injector High-capacity Matter Pod Experimental Reaction Control System Experimental Thermal Shield EM Disruption Field Advanced Shield Generator Antimissile System Advanced Component Analysis Suite Advanced Corruption Screen Advanced System Restoration Module Heavy Disruptor Cannon Tiamat Missile Launcher Improved Plasma Cutter [Rating: 196] Favorites ----------- Power Constructs Engine Improved Ion Engine Power Core Constructs Reactor Light Quantum Reactor Propulsion Constructs Treads Light Treads Leg Constructs Wheel Centrium Wheel Utility Armored Scrap Engine Device Armored Scrap Engine Storage Large Storage Unit Processor Advanced Signal Interpreter Hackware System Shield Protection Centrium Medium Armor Plating Weapon Constructs Energy Gun Constructs Energy Cannon Long-range Proton Cannon Ballistic Gun High-powered Shotgun Ballistic Cannon Light Cannon Launcher Tiamat Missile Launcher Special Weapon Plasma Cutter Impact Weapon Power Maul Piercing Weapon Plasma Lance Special Melee Weapon Improved Datajack Build | -11 -10 -10 -9 -9 -9 -7 -7 -7 -6 -6 -6 -6 -6 -5 -4 -3 -3 -2 -2 ------- Run | Yrd Mat Min Mat Sto Rec Fac Gar Fac Fac Ext Cet Arc Hub Fac Fac Res Tes Res Qua Slots Evolved 16 | . . . 2 . . 4 . . 2 . . . . 2 2 2 . 2 . Power 1 | . . . . . . . . . . . . . . 1 . . . . . Propulsion 3 | . . . . . . 1 . . 1 . . . . . 1 . . . . Utility 11 | . . . 2 . . 2 . . 1 . . . . 1 1 2 . 2 . Weapon 1 | . . . . . . 1 . . . . . . . . . . . . . Parts Attached 499 | 7 6 2 44 19 18 11 26 62 41 24 11 9 27 39 19 33 48 24 29 Power 10 | 1 1 . 2 1 . . . 1 . . . . 1 1 . . . . 2 Engine 6 | 1 1 . 2 1 . . . . . . . . . 1 . . . . . Core 1 | . . . . . . . . 1 . . . . . . . . . . . Reactor 3 | . . . . . . . . . . . . . 1 . . . . . 2 Propulsion 16 | 2 . 1 6 3 3 . . . . . . . . . 1 . . . . Treads 15 | 2 . 1 6 3 3 . . . . . . . . . . . . . . Leg . | . . . . . . . . . . . . . . . . . . . . Wheel 1 | . . . . . . . . . . . . . . . 1 . . . . Hover . | . . . . . . . . . . . . . . . . . . . . Flight . | . . . . . . . . . . . . . . . . . . . . Utility 325 | 1 4 . 23 1 9 9 7 43 36 17 5 8 16 35 15 21 36 20 19 Device 264 | . 3 . 11 1 6 6 6 35 27 13 2 7 15 32 14 17 33 17 19 Storage 9 | 1 1 . . . . . 1 1 . . . 1 . 2 . . 2 . . Processor 21 | . . . 2 . 1 2 . 4 3 . . . . 1 1 4 . 3 . Hackware 5 | . . . 1 . . . . 2 1 1 . . . . . . . . . Protection 26 | . . . 9 . 2 1 . 1 5 3 3 . 1 . . . 1 . . Artifact . | . . . . . . . . . . . . . . . . . . . . Weapon 148 | 3 1 1 13 14 6 2 19 18 5 7 6 1 10 3 3 12 12 4 8 Energy Gun 48 | 1 1 . 5 5 3 2 9 2 2 4 2 . 4 2 1 1 . . 4 Energy Cannon 22 | . . . 1 . . . . 9 . . . 1 . . . 6 5 . . Ballistic Gun 11 | 2 . . 4 3 . . . . . . . . . . . . . 1 1 Ballistic Cannon 6 | . . 1 . . 2 . . . . . 1 . . 1 1 . . . . Launcher 20 | . . . 2 . 1 . 5 . . . . . 2 . 1 3 3 2 1 Special Weapon 14 | . . . . 3 . . 1 . . 3 2 . . . . . 3 . 2 Impact Weapon 23 | . . . 1 3 . . 4 7 3 . 1 . 4 . . . . . . Slashing Weapon . | . . . . . . . . . . . . . . . . . . . . Piercing Weapon 3 | . . . . . . . . . . . . . . . . 1 1 1 . Special Melee Weapon 1 | . . . . . . . . . . . . . . . . 1 . . . Unidentified Prototypes 14 | . . . . 1 1 . 1 1 . . 2 3 . 2 . 1 . . 2 Corrupted Parts 1 | . . . . . . . . . . . . . . . . . . . 1 System Corruption 2 | . . . . . . . . . . . . . . . . . . . 2 Parts Lost 54 | . . 2 13 6 3 . 1 3 1 1 . . 4 . 1 3 1 3 12 Power 8 | . . . 1 1 . . . 1 1 . . . 1 . . . . . 3 Propulsion 8 | . . 1 3 2 1 . . . . . . . . . . . . . 1 Utility 19 | . . . 5 1 1 . . 1 . . . . 3 . 1 1 . 1 5 Weapon 19 | . . 1 4 2 1 . 1 1 . 1 . . . . . 2 1 2 3 Highest Loss Streak 8 | . . 2 8 2 3 . 1 2 1 1 . . 2 . 1 1 1 2 6 To Critical Strikes . | . . . . . . . . . . . . . . . . . . . . Average Slot Usage (%) 72 | . 99 99 97 97 83 68 68 68 65 64 65 56 64 63 62 65 65 65 55 Engine 3 | . 14 14 11 10 10 7 3 . . . . . . 3 . . . . . Core 1 | . . . . . . . 3 4 5 6 6 6 4 . 5 . . . . Reactor 1 | . . . . . . . . 2 . . . . . . . 3 4 4 3 Treads 6 | . 28 28 21 22 15 6 . . . . . . 2 3 . 2 1 . . Leg 1 | . . . . . . . 3 . 5 . . . 1 1 4 1 . 1 3 Device 21 | . 13 14 15 20 8 19 14 15 17 18 14 13 21 32 35 34 31 25 26 Storage 7 | . 14 14 11 11 11 7 7 7 6 6 6 6 6 5 5 4 4 4 3 Processor 10 | . . . 11 11 15 9 15 14 13 13 13 13 6 1 . 7 9 13 7 Protection 1 | . . . 2 . 2 . . . 1 . 4 2 4 . . . 1 4 . Energy Gun 4 | . 14 14 9 9 6 6 3 1 2 3 . 1 4 4 4 . . . 4 Energy Cannon 2 | . . . 1 . . . . 6 3 3 . . 1 1 5 3 3 3 . Ballistic Gun 2 | . 14 1 9 10 4 . . . . . . . . . . . . 1 1 Ballistic Cannon 3 | . . 12 1 . 6 7 7 5 5 2 6 6 4 3 . 3 2 . . Peak Build Rating 196 | 6 9 10 18 17 35 55 77 71 80 80 91 91 99 112 126 162 180 196 190 Average Rating 83 | 4 7 9 14 16 24 47 65 64 74 78 81 79 93 107 118 145 166 183 170 On Entrance 71 | . 6 9 10 15 14 35 54 68 62 80 76 91 79 81 111 122 160 180 183 Naked Turns 51 | . . . . . . . . . . . . . . . . . . . 51 Heaviest Build 124 | 13 30 31 37 35 40 48 56 51 57 59 65 48 63 100 88 113 109 115 124 Greatest Support 162 | 40 40 40 40 40 40 69 59 59 76 48 48 48 96 128 111 111 162 89 89 Greatest Overweight (x) 19 | . . . 1 . 1 1 . . 1 1 1 . 1 1 1 1 1 1 19 Average Overweight (x) . | . . . . . . . . . . . . . . . . . . . . Largest Inventory Capacity 20 | 8 15 15 15 15 15 15 15 15 15 15 15 15 15 20 20 20 20 20 20 Average Capacity 16 | 7 9 15 15 15 15 15 15 15 15 15 15 15 15 17 20 20 20 20 19 Most Carried 20 | 4 8 11 15 15 15 15 15 15 15 15 15 15 14 15 18 20 20 20 20 Average Carried 14 | 2 7 10 14 14 12 14 14 14 14 14 14 14 13 11 14 19 19 16 16 Final Capacity 20 | 8 15 15 15 15 15 15 15 15 15 15 15 15 15 20 20 20 20 20 5 Final Carried 20 | 4 8 11 15 15 15 15 15 15 15 15 15 15 11 15 16 20 18 17 5 Scrap Engine Consumption 296 | . . . . . 31 10 25 36 17 17 10 4 2 25 14 47 19 21 18 Constructs Created 8 | . . . . . 3 . . . 1 . 1 . 1 . . . . 2 . Constructs Modified 131 | . . . . . 7 7 12 12 10 2 1 . 8 19 3 26 10 6 8 Class Distribution -------------------- 56% | Construct 16% | Scavenger-Mutant 8% | Scavenger-Construct 7% | Mutant 5% | Commander-Construct 4% | Scavenger-Skirmisher Dominant Class ---------------- Mutant | -10/Materials Mutant | -10/Mines Scavenger-Mutant | -9/Materials Scavenger-Mutant | -9/Storage Construct | -9/Recycling Construct | -7/Factory Construct | -7/Garrison Construct | -7/Factory Construct | -6/Factory Construct | -6/Extension Commander-Construct | -6/Cetus Commander-Construct | -6/Archives Construct | -6/Hub_04(d) Construct | -5/Factory Construct | -4/Factory Construct | -3/Research Construct | -3/Testing Scavenger-Construct | -2/Research Scavenger-Skirmisher | -2/Quarantine Resources | -11 -10 -10 -9 -9 -9 -7 -7 -7 -6 -6 -6 -6 -6 -5 -4 -3 -3 -2 -2 ----------- Run | Yrd Mat Min Mat Sto Rec Fac Gar Fac Fac Ext Cet Arc Hub Fac Fac Res Tes Res Qua Matter Collected 8389 | 209 468 33 672 399 426 110 529 614 440 263 124 60 281 805 137 886 767 812 354 Remotely . | . . . . . . . . . . . . . . . . . . . . Salvage Created 14426 | . 448 102 1092 1105 422 110 862 1100 613 461 51 61 763 1315 417 705 1994 1787 1018 Parts 842 | . 29 5 77 65 24 6 50 67 31 32 1 3 48 77 33 30 108 105 51 Haulers Intercepted 2 | . . . . . . . . . . . . . 1 . . . 1 . . Recyclers Shooed 2 | . 1 . . 1 . . . . . . . . . . . . . . . Parts Field Recycled . | . . . . . . . . . . . . . . . . . . . . Retrieved Matter . | . . . . . . . . . . . . . . . . . . . . Parts Self-Destructed . | . . . . . . . . . . . . . . . . . . . . Prevented . | . . . . . . . . . . . . . . . . . . . . Kills | -11 -10 -10 -9 -9 -9 -7 -7 -7 -6 -6 -6 -6 -6 -5 -4 -3 -3 -2 -2 ------- Run | Yrd Mat Min Mat Sto Rec Fac Gar Fac Fac Ext Cet Arc Hub Fac Fac Res Tes Res Qua Combat Hostiles Destroyed 245 | . 13 2 26 19 9 2 23 18 10 4 1 1 16 14 9 15 23 27 13 Guns 77 | . 13 1 18 18 8 . . . 1 . . 1 . 6 . 1 . . 10 Cannons 122 | . . 1 3 . 1 2 13 18 9 2 1 . 10 8 6 6 18 22 2 AOE 43 | . . . 4 1 . . 10 . . 1 . . 6 . 3 8 5 5 . Classes Destroyed 24 | . 4 1 2 2 2 1 2 1 1 1 . . 2 1 . 3 . 1 . Worker 11 | . 1 . . 1 . . . . . 2 . . 2 1 . . 2 2 . Builder 5 | . . . . . . . . . . . . . . 3 . . 1 1 . Tunneler 1 | . . . 1 . . . . . . . . . . . . . . . . Hauler 2 | . . . . . . . . . . . . . 1 . . . 1 . . Recycler 4 | . . . . 3 . . . . . . . . . 1 . . . . . Mechanic 3 | . . . . . . . . . 1 . . . 1 . . . 1 . . Operator 4 | . . . . 1 . . . 1 . 1 . . . 1 . . . . . Watcher 34 | . 2 . 5 2 . . . 5 . 3 1 . 4 5 2 1 3 1 . Swarmer 56 | . 6 . 6 4 2 . 7 4 2 . 1 . 3 . 4 9 . 8 . Cutter 9 | . . . . . . . 2 . . . . . 4 . 3 . . . . Grunt 75 | . 7 . 13 8 1 . 11 3 1 1 . . 3 3 . . 10 6 8 Brawler 3 | . . . 1 . . . 1 1 . . . . . . . . . . . Duelist 5 | . . . . . . . . . . 1 . . 2 . . . 2 . . Sentry 45 | . . 2 6 7 3 1 1 5 5 1 . 1 1 3 2 3 . 4 . Demolisher 1 | . . . . . . . . . . . . . . . . 1 . . . Specialist 2 | . . . . . . . . . . . . . 2 . . . . . . Hunter 4 | . . . . . . . . 1 . . . . . . . . 2 . 1 Programmer 37 | . . . . . . 1 . 4 2 . . . 1 8 . . 9 8 4 Heavy 1 | . . . . . . . . . . . . . . . . . . 1 . Behemoth 2 | . . . . . . . 1 . . 1 . . . . . . . . . Striker 1 | . . . . . . . . . . . . . . . . 1 . . . Executioner 1 | . . . . . . . . . . . . . . . . 1 . . . Protovariant L 1 | . . . . . . . . . . . . . . . . . 1 . . Scientist 2 | . . . . . 2 . . . . . . . . . . . . . . Scrapper 3 | . . . . . 3 . . . . . . . . . . . . . . Best Kill Streak 10 | . 3 2 4 4 3 1 4 3 4 3 1 1 10 5 4 5 5 7 3 Combat Bots Only 7 | . 3 2 4 3 3 1 4 3 4 1 1 1 7 3 4 5 4 6 3 Max Kills in Single Turn 4 | . 1 1 3 2 1 1 4 1 1 1 1 1 4 3 4 4 2 3 1 Gunslinging . | . . . . . . . . . . . . . . . . . . . . Exploded 4 | . . . 2 1 . . 4 . . 1 . . 2 . 3 4 2 3 . Melee . | . . . . . . . . . . . . . . . . . . . . Uniques/NPCs Destroyed . | . . . . . . . . . . . . . . . . . . . . Combat | -11 -10 -10 -9 -9 -9 -7 -7 -7 -6 -6 -6 -6 -6 -5 -4 -3 -3 -2 -2 -------- Run | Yrd Mat Min Mat Sto Rec Fac Gar Fac Fac Ext Cet Arc Hub Fac Fac Res Tes Res Qua Hostile Shots Fired 1946 | . 49 36 147 69 33 18 108 223 129 13 7 17 192 94 70 71 142 133 395 Missed 620 | . 12 9 39 20 3 5 39 93 55 3 5 5 57 18 27 19 57 40 114 Intercepted 3 | . . . . . . . . . . . . . . . . 3 . . . Damage Taken 22431 | . 391 504 1425 820 572 111 1308 1316 793 236 56 298 2104 1465 646 1223 1563 2077 5523 Core 3041 | . 87 84 159 140 53 6 210 145 51 18 8 . 217 107 95 118 65 49 1429 Absorbed by Shields 2692 | . . . . . . . . . . 16 55 . . 90 210 439 474 530 878 Reduced by Siege Mode 20 | . . . . . . . . . . . . . 20 . . . . . . Ignored by Resistances 776 | . . . . . . . . 34 28 . 41 . . 97 46 72 155 58 245 Regen/Repaired (Parts) 9210 | . . . . . 25 59 795 766 430 22 57 . 675 1641 344 833 992 1655 916 Core Remaining (%) 65 | 100 . 31 . . 12 . . 48 . . . . 65 89 91 . 85 . . Volleys Fired 749 | . 49 7 74 55 24 4 73 72 22 28 6 7 42 50 25 41 61 53 56 Largest 2 | . 2 2 2 2 2 2 2 2 2 2 2 2 2 2 2 2 2 2 2 Hottest 285 | . 70 85 85 81 115 191 191 191 221 206 236 236 236 285 285 285 243 243 167 Shots Fired 1333 | . 95 14 146 109 49 8 121 128 44 41 9 11 70 96 46 71 101 68 106 Gun 664 | . 95 12 121 109 34 4 38 13 14 16 1 4 23 47 20 7 . 11 95 Cannon 602 | . . 2 22 . 15 4 49 115 30 25 8 7 41 49 25 52 94 53 11 Launcher 43 | . . . 3 . . . 10 . . . . . 6 . 1 12 7 4 . Special 24 | . . . . . . . 24 . . . . . . . . . . . . Kinetic 573 | . 49 7 73 55 32 4 11 65 22 19 8 7 37 36 . 39 40 11 58 Thermal 525 | . 46 7 60 5 17 4 77 50 8 . 1 4 27 54 45 9 21 53 37 Explosive 43 | . . . 3 . . . 10 . . . . . 6 . 1 12 7 4 . Electromagnetic 192 | . . . 10 49 . . 23 13 14 22 . . . 6 . 11 33 . 11 Robot Hit Streak 29 | . 7 8 18 13 11 9 26 29 13 12 4 5 14 11 7 7 16 13 20 Robot Miss Streak 6 | . 4 1 5 3 2 . 4 2 5 2 2 3 5 2 5 4 6 2 2 Penetration Max 1 | . . . . . . . . . . . . . . 1 . 1 1 . . Secondary Targets 7 | . 3 . 1 . . . . . . . . . . . . . . . 3 Max Gunslinging Chain 1 | . 1 . 1 . . . . . . . . . . . . . . . 1 Shots Hit Robots 905 | . 54 12 93 83 36 6 84 91 31 33 6 7 40 60 25 44 69 50 81 Core Hits 467 | . 23 3 44 46 18 4 44 34 20 17 3 3 29 26 12 25 46 35 35 Critical Kills 6 | . . . 1 . . . . . . . . . . . . . 1 4 . Critical Parts Destroyed 11 | . 1 . . 1 . . . . . . . . . 1 1 . 4 . 3 Critical Strikes 28 | . 2 1 5 1 . . 1 . . . 1 . 1 1 1 . 6 4 4 Burn 5 | . 1 . 3 . . . . . . . . . . . . . . . 1 Meltdown 1 | . . . 1 . . . . . . . . . . . . . . . . Destroy 17 | . 1 . . 1 . . . . . . 1 . . 1 1 . 5 4 3 Blast 2 | . . 1 . . . . . . . . . . 1 . . . . . . Corrupt 2 | . . . 1 . . . 1 . . . . . . . . . . . . Impale 1 | . . . . . . . . . . . . . . . . . 1 . . Melee Attacks 52 | . . . 1 8 . . 4 9 5 . 1 . 5 . . 3 7 9 . Impact 33 | . . . 1 8 . . 4 9 5 . 1 . 5 . . . . . . Slashing . | . . . . . . . . . . . . . . . . . . . . Piercing 17 | . . . . . . . . . . . . . . . . 1 7 9 . Sneak Attacks 3 | . . . . . . . . . . . . . . . . 2 1 . . Combat Hostiles . | . . . . . . . . . . . . . . . . . . . . Follow-up Attacks . | . . . . . . . . . . . . . . . . . . . . Damage Inflicted 42872 | . 679 166 1711 1762 646 223 3078 3110 1008 1306 314 326 3693 4372 1802 3558 6156 6726 2236 Guns 8537 | . 679 129 1206 1578 456 28 256 65 109 201 . 94 392 913 341 128 . 152 1810 Cannons 26788 | . . 37 243 . 190 195 1480 3045 899 824 269 232 2115 3295 1235 1844 4934 5532 419 Explosions 7046 | . . . 252 184 . . 1085 . . 281 . . 1156 164 226 1586 1070 1042 . Melee 209 | . . . . . . . . . . . 45 . 30 . . . 134 . . Ramming 35 | . . . 10 . . . . . . . . . . . . . 18 . 7 Kinetic 16435 | . 379 90 776 760 440 195 304 2129 757 585 269 232 1825 2416 . 1543 2354 152 1229 Thermal 16611 | . 300 76 584 207 206 28 1528 916 142 281 . 94 682 1570 1576 270 2038 5532 581 Explosive 6437 | . . . 252 20 . . 1085 . . . . . 1156 . 226 1586 1070 1042 . Electromagnetic 3145 | . . . 89 775 . . 161 65 109 440 . . . 386 . 159 542 . 419 Impact 75 | . . . . . . . . . . . 45 . 30 . . . . . . Slashing . | . . . . . . . . . . . . . . . . . . . . Piercing 134 | . . . . . . . . . . . . . . . . . 134 . . Highest Corruption 28 | . . . 2 4 4 . . 8 . . . . 2 6 2 . 4 5 28 Average Corruption 2 | . . . 2 2 4 . . 3 . . . . 1 4 1 . 1 2 5 Corruption Purged 19 | . . . . . . . . 5 . . . . . 5 . . . . 9 Corruption Blocked 6 | . . . . . . 2 . 4 . . . . . . . . . . . Effects 217 | . . . 22 28 65 . . 30 . . . . 2 24 3 . 20 9 14 Message Errors 48 | . . . 5 8 16 . . 7 . . . . . 2 . . 1 2 7 Matter Fused 52 | . . . 6 7 16 . . 8 . . . . 1 6 1 . 5 . 2 Heat Flow Errors 23 | . . . 2 2 12 . . 2 . . . . . . . . 4 1 . Energy Discharges 26 | . . . 2 3 10 . . 3 . . . . . 3 . . 2 2 1 Parts Rejected 4 | . . . . 2 . . . . . . . . 1 . . . . . 1 Parts Fused 2 | . . . . . . . . 2 . . . . . . . . . . . Data Loss (minor) 30 | . . . 3 1 7 . . 4 . . . . . 7 1 . 3 3 1 Data Loss (major) 7 | . . . . 1 1 . . . . . . . . 2 . . 2 . 1 Misfires 11 | . . . 1 1 2 . . 1 . . . . . 3 . . 2 . 1 Alerts 8 | . . . 1 1 1 . . 2 . . . . . . 1 . 1 1 . Weapon Failures 6 | . . . 2 2 . . . 1 . . . . . 1 . . . . . Overload Shots . | . . . . . . . . . . . . . . . . . . . . Overflow Damage 3688 | . . . 12 23 . 14 66 156 . 90 23 31 488 794 103 276 689 923 . Projectiles 3424 | . . . . . . 14 58 156 . 25 . 31 438 777 103 213 686 923 . Explosions 238 | . . . 12 23 . . 8 . . 65 . . 50 17 . 63 . . . Melee 26 | . . . . . . . . . . . 23 . . . . . 3 . . Knockbacks 76 | . . . . . 1 . 3 12 4 2 2 . 13 18 . 4 17 . . Impact . | . . . . . . . . . . . . . . . . . . . . Kinetic 68 | . . . . . 1 . 2 11 4 2 2 . 12 15 . 4 15 . . Secondary 8 | . . . . . . . 1 1 . . . . 1 3 . . 2 . . Self-Inflicted Damage 598 | . . . . 111 . . 138 . . 85 . . 115 84 8 45 9 . 3 Shots 14 | . . . . 3 . . 3 . . 2 . . 2 2 1 1 . . . Rammed 7 | . . . 2 1 . . . . . . . . . . . . 1 . 3 Targets Rammed 7 | . . . 2 1 . . . . . . . . . . . . 1 . 3 Kicked . | . . . . . . . . . . . . . . . . . . . . Crushed . | . . . . . . . . . . . . . . . . . . . . Highest Temperature 458 | . 30 25 301 194 320 214 351 306 254 264 138 290 394 458 356 242 304 390 453 Average Temperature 112 | . 16 11 132 46 82 101 137 89 106 93 66 107 124 151 149 92 105 113 114 Received Heat Transfer 3478 | . 156 194 546 228 362 36 453 219 96 58 4 36 495 137 18 48 84 86 222 Effects 19 | . . . . . . . 1 . . . . . 5 9 . . . . 4 Shutdowns 1 | . . . . . . . . . . . . . 1 . . . . . . Energy Bleed 2 | . . . . . . . . . . . . . 1 1 . . . . . Interference 13 | . . . . . . . 1 . . . . . 3 6 . . . . 3 Short Circuit 1 | . . . . . . . . . . . . . . . . . . . 1 Damage (minor) 2 | . . . . . . . . . . . . . . 2 . . . . . Siege Activations 2 | . . . . . . . . . . . . . 2 . . . . . . Total Turns 42 | . . . . . . . . . . . . . 42 . . . . . . Longest Duration 22 | . . . . . . . . . . . . . 22 . . . . . . Robots Corrupted 3 | . . . . . . . . . . 1 1 . . . . . . . 1 Combat Hostiles 2 | . . . . . . . . . . 1 . . . . . . . . 1 Parts Fried 10 | . . . . . . . . . . 5 1 . . 2 . . 2 . . Impact Corruptions 3 | . . . . . . . . . . . 2 . . . . . 1 . . Robots Melted 1 | . . . 1 . . . . . . . . . . . . . . . . Combat Hostiles 1 | . . . 1 . . . . . . . . . . . . . . . . Parts Melted 17 | . . . 3 . 2 . 3 4 . . . . . 1 . . . 1 3 Heat Transferred 12922 | . 796 222 1665 161 484 74 2183 1147 185 150 . 111 407 1001 370 148 1000 1708 1110 Parts Sabotaged . | . . . . . . . . . . . . . . . . . . . . Parts Stolen . | . . . . . . . . . . . . . . . . . . . . Parts Stripped . | . . . . . . . . . . . . . . . . . . . . Power Chain Reactions 9 | . . . . 4 . . . . . 3 . . . 2 . . . . . Alert | -11 -10 -10 -9 -9 -9 -7 -7 -7 -6 -6 -6 -6 -6 -5 -4 -3 -3 -2 -2 ------- Run | Yrd Mat Min Mat Sto Rec Fac Gar Fac Fac Ext Cet Arc Hub Fac Fac Res Tes Res Qua Peak Influence 1186 | . 197 41 247 382 193 480 1186 769 232 648 444 375 671 463 247 418 512 748 455 Initial 622 | . . . 15 27 38 480 75 622 186 88 315 177 130 323 176 129 234 246 357 Average 241 | . 76 37 115 179 37 304 683 404 114 172 305 346 312 335 132 107 272 484 266 Maximum Alert Level 4 | . 1 . 1 1 . 2 4 3 1 2 2 1 2 2 1 2 2 3 2 Low Security (%) 53 | 100 99 100 89 64 100 16 15 8 72 75 39 5 26 3 97 82 45 . 34 Level 1 28 | . . . 10 35 . 52 15 43 27 13 50 94 57 83 2 14 31 34 51 Level 2 13 | . . . . . . 30 9 41 . 11 9 . 16 12 . 2 23 57 14 Level 3 3 | . . . . . . . 53 6 . . . . . . . . . 8 . Level 4 . | . . . . . . . 6 . . . . . . . . . . . . Level 5 . | . . . . . . . . . . . . . . . . . . . . High Security . | . . . . . . . . . . . . . . . . . . . . Max Security . | . . . . . . . . . . . . . . . . . . . . Squads Dispatched 51 | . 2 . 2 3 . 1 . 9 2 1 . . 6 6 3 2 7 3 4 Investigation 7 | . 1 . . . . . . 3 . . . . . 1 . 1 . . 1 Extermination 22 | . . . . . . 1 . 4 2 . . . 1 4 1 . 4 2 3 Reinforcement 21 | . 1 . 2 3 . . . 2 . 1 . . 4 1 2 1 3 1 . Assault 1 | . . . . . . . . . . . . . 1 . . . . . . Garrison . | . . . . . . . . . . . . . . . . . . . . Intercept . | . . . . . . . . . . . . . . . . . . . . Searches Triggered . | . . . . . . . . . . . . . . . . . . . . Construction Impeded . | . . . . . . . . . . . . . . . . . . . . Haulers Reinforced 1 | . . . . . . . . . . . . . . . . . 1 . . Active Scanning Responses . | . . . . . . . . . . . . . . . . . . . . Cargo Convoy Interrupts . | . . . . . . . . . . . . . . . . . . . . Stealth | -11 -10 -10 -9 -9 -9 -7 -7 -7 -6 -6 -6 -6 -6 -5 -4 -3 -3 -2 -2 --------- Run | Yrd Mat Min Mat Sto Rec Fac Gar Fac Fac Ext Cet Arc Hub Fac Fac Res Tes Res Qua Distress Signals 23 | . 2 . 4 4 . . . 1 . . 2 . 3 . 2 4 . . 1 Communications Jammed 123 | . . . . . . . . . . 96 . . 3 13 . 1 6 4 . Distress Signals 119 | . . . . . . . . . . 96 . . 2 13 . 1 6 1 . Times Spotted 437 | . 26 9 37 25 9 2 35 34 15 28 10 4 39 24 23 31 33 28 25 Peak Tracking Total 9 | . 4 8 4 3 4 1 7 5 4 4 5 2 8 3 9 7 4 5 6 Tactical Retreats 44 | . 3 1 1 3 . . 13 6 1 2 . . 7 2 1 . 2 . 2 Traps | -11 -10 -10 -9 -9 -9 -7 -7 -7 -6 -6 -6 -6 -6 -5 -4 -3 -3 -2 -2 ------- Run | Yrd Mat Min Mat Sto Rec Fac Gar Fac Fac Ext Cet Arc Hub Fac Fac Res Tes Res Qua Traps Triggered 35 | . 1 . 1 1 . 1 9 5 3 1 . . 1 2 . 4 4 . 2 Indirectly . | . . . . . . . . . . . . . . . . . . . . Trap Hack Attempts . | . . . . . . . . . . . . . . . . . . . . Triggered . | . . . . . . . . . . . . . . . . . . . . Disarmed 5 | . . . . . . . . . . . . . 5 . . . . . . Reprogrammed . | . . . . . . . . . . . . . . . . . . . . Reused . | . . . . . . . . . . . . . . . . . . . . Traps Extracted . | . . . . . . . . . . . . . . . . . . . . Installed . | . . . . . . . . . . . . . . . . . . . . Triggered 2 | . . . . . . . 2 . . . . . . . . . . . . Machines | -11 -10 -10 -9 -9 -9 -7 -7 -7 -6 -6 -6 -6 -6 -5 -4 -3 -3 -2 -2 ---------- Run | Yrd Mat Min Mat Sto Rec Fac Gar Fac Fac Ext Cet Arc Hub Fac Fac Res Tes Res Qua Machines Disabled 45 | . . . . 7 . . 2 3 . 7 1 2 1 3 2 2 10 1 4 Max in Single Turn 2 | . . . . 2 . . 1 1 . 1 1 1 . 1 1 1 1 1 1 Garrison Access 9 | . . . . . . . . 4 . . . . . 2 1 1 1 . . Garrison Relay 1 | . . . . . . . 1 . . . . . . . . . . . . Machines Repaired . | . . . . . . . . . . . . . . . . . . . . Machines Dismantled 15 | . . . . 3 . . . . . 4 1 . . . . . 5 . 2 Machines Sabotaged . | . . . . . . . . . . . . . . . . . . . . Overloaded Fab Kills . | . . . . . . . . . . . . . . . . . . . . Hacking | -11 -10 -10 -9 -9 -9 -7 -7 -7 -6 -6 -6 -6 -6 -5 -4 -3 -3 -2 -2 --------- Run | Yrd Mat Min Mat Sto Rec Fac Gar Fac Fac Ext Cet Arc Hub Fac Fac Res Tes Res Qua Machines Accessed 121 | . 8 . 6 5 15 7 2 22 8 12 2 . 5 8 7 2 6 . 6 Terminals 97 | . 8 . 6 5 6 5 2 17 7 12 2 . 5 5 5 1 5 . 6 Fabricators 4 | . . . . . . . . 1 1 . . . . 1 1 . . . . Repair Stations . | . . . . . . . . . . . . . . . . . . . . Recycling Units 8 | . . . . . 8 . . . . . . . . . . . . . . Scanalyzers . | . . . . . . . . . . . . . . . . . . . . Garrison Access 11 | . . . . . . 2 . 4 . . . . . 2 1 1 1 . . Total Hacks 273 | . 25 . 22 24 41 12 2 40 18 19 4 . 16 16 11 3 7 . 13 Successful 131 | . 11 . 10 14 31 3 1 15 12 6 1 . 8 4 6 1 2 . 6 Failed 141 | . 13 . 12 10 10 9 1 25 6 13 3 . 8 12 5 2 5 . 7 Catastrophic 34 | . 1 . 3 3 . 3 . 8 1 2 1 . 1 1 3 1 3 . 3 Database Lockouts 1 | . 1 . . . . . . . . . . . . . . . . . . Manual 154 | . 21 . 18 20 22 8 1 15 16 2 1 . 10 3 5 2 4 . 6 Terminals 231 | . 25 . 22 24 18 9 2 35 17 19 4 . 16 11 8 2 6 . 13 Fabricators 7 | . . . . . . . . 1 1 . . . . 3 2 . . . . Repair Stations . | . . . . . . . . . . . . . . . . . . . . Recycling Units 21 | . . . . . 21 . . . . . . . . . . . . . . Scanalyzers . | . . . . . . . . . . . . . . . . . . . . Garrison Access 12 | . . . . . . 3 . 4 . . . . . 2 1 1 1 . . Terminal Hacks 48 | . 2 . 4 5 6 1 1 7 3 5 1 . 4 1 1 . 1 . 6 Record 3 | . . . . . . . . . . . 1 . . . . . . . 2 Part Schematic 1 | . . . . . . . . 1 . . . . . . . . . . . Robot Analysis 8 | . 2 . 2 2 1 . . . 1 . . . . . . . . . . Prototype ID Bank 1 | . . . . . . . . . . . . . . . . . . . 1 Open Door 6 | . . . . . . . . . 1 5 . . . . . . . . . Branch Access Points 1 | . . . . . . . . . . . . . 1 . . . . . . Terminal Index 3 | . . . . . . . . 1 1 . . . . . . . . . 1 Alert Level 1 | . . . . . 1 . . . . . . . . . . . . . . Unreport Threat 10 | . . . 1 2 1 . . 3 . . . . . 1 . . 1 . 1 Locate Traps 6 | . . . 1 . . 1 . 1 . . . . 1 . 1 . . . 1 Disarm Traps 2 | . . . . . . . . . . . . . 2 . . . . . . Dispatch Records 1 | . . . . . 1 . . . . . . . . . . . . . . Recall Investigation 1 | . . . . . . . . 1 . . . . . . . . . . . Recall Reinforcements 1 | . . . . 1 . . . . . . . . . . . . . . . Garrison Registry 1 | . . . . . . . 1 . . . . . . . . . . . . Release Object 2 | . . . . . 2 . . . . . . . . . . . . . . Fabricator Hacks 3 | . . . . . . . . 1 1 . . . . . 1 . . . . Network Status 2 | . . . . . . . . 1 1 . . . . . . . . . . Build 1 | . . . . . . . . . . . . . . . 1 . . . . Repair Station Hacks . | . . . . . . . . . . . . . . . . . . . . Recycling Unit Hacks 8 | . . . . . 8 . . . . . . . . . . . . . . Retrieve Components 8 | . . . . . 8 . . . . . . . . . . . . . . Scanalyzer . | . . . . . . . . . . . . . . . . . . . . Garrison Access Hacks 10 | . . . . . . 1 . 4 . . . . . 2 1 1 1 . . Unlock Access 1 | . . . . . . 1 . . . . . . . . . . . . . Seal Access 9 | . . . . . . . . 4 . . . . . 2 1 1 1 . . Unauthorized Hacks 62 | . 9 . 6 9 17 1 . 3 8 1 . . 4 1 3 . . . . Terminals 54 | . 9 . 6 9 9 1 . 3 8 1 . . 4 1 3 . . . . Track 3 | . . . . 1 . . . 1 1 . . . . . . . . . . Assimilate 2 | . 1 . . . . . . . 1 . . . . . . . . . . Botnet 11 | . 2 . 1 2 4 . . 1 1 . . . . . . . . . . Operators 2 | . . . . 1 . . . 1 . . . . . . . . . . . Skim 36 | . 6 . 5 5 5 1 . . 5 1 . . 4 1 3 . . . . Fabricators . | . . . . . . . . . . . . . . . . . . . . Repair Stations . | . . . . . . . . . . . . . . . . . . . . Recycling Units 8 | . . . . . 8 . . . . . . . . . . . . . . Tunnel 8 | . . . . . 8 . . . . . . . . . . . . . . Scanalyzers . | . . . . . . . . . . . . . . . . . . . . Garrison Access . | . . . . . . . . . . . . . . . . . . . . Data Cores Recovered 2 | . . . . . . . . 1 . 1 . . . . . . . . . Used . | . . . . . . . . . . . . . . . . . . . . Hacking Detections 96 | . 8 . 6 5 9 6 2 17 7 8 2 . 4 6 5 1 5 . 5 Full Trace Events 3 | . . . . . . . . . . . . . . 1 . 1 . . 1 Feedback Events . | . . . . . . . . . . . . . . . . . . . . Feedback Blocked . | . . . . . . . . . . . . . . . . . . . . Robot Schematics Acquired . | . . . . . . . . . . . . . . . . . . . . Robots Built . | . . . . . . . . . . . . . . . . . . . . Authchips . | . . . . . . . . . . . . . . . . . . . . Time . | . . . . . . . . . . . . . . . . . . . . Total Robot Build Rating . | . . . . . . . . . . . . . . . . . . . . Part Schematics Acquired 3 | . . . . . . . . 1 . . . . . . . . 2 . . Parts Built 2 | . . . . . . . . . . . . . . . 2 . . . . Authchips . | . . . . . . . . . . . . . . . . . . . . Time 117 | . . . . . . . . . . . . . . . 117 . . . . Total Part Build Rating 14 | . . . . . . . . . . . . . . . 14 . . . . Parts Repaired . | . . . . . . . . . . . . . . . . . . . . Time . | . . . . . . . . . . . . . . . . . . . . Parts Recycled . | . . . . . . . . . . . . . . . . . . . . Recycled Matter . | . . . . . . . . . . . . . . . . . . . . Retrieved Matter . | . . . . . . . . . . . . . . . . . . . . Retrieved Components 27 | . . . . . 27 . . . . . . . . . . . . . . Parts Scanalyzed . | . . . . . . . . . . . . . . . . . . . . Part Schematics Acquired . | . . . . . . . . . . . . . . . . . . . . Parts Damaged . | . . . . . . . . . . . . . . . . . . . . Bothacking | -11 -10 -10 -9 -9 -9 -7 -7 -7 -6 -6 -6 -6 -6 -5 -4 -3 -3 -2 -2 ------------ Run | Yrd Mat Min Mat Sto Rec Fac Gar Fac Fac Ext Cet Arc Hub Fac Fac Res Tes Res Qua Used RIF Installer 2 | . . . . . . . 2 . . . . . . . . . . . . Watcher Feeds 1 | . . . . . . . 1 . . . . . . . . . . . . Robots Hacked 2 | . . . . . . . . . . . . . . . . 2 . . . Non-combat . | . . . . . . . . . . . . . . . . . . . . Combat 2 | . . . . . . . . . . . . . . . . 2 . . . Robot Hacks Applied 2 | . . . . . . . . . . . . . . . . 2 . . . parse_system 2 | . . . . . . . . . . . . . . . . 2 . . . Relay Couplers Released 5 | . . . . . . . 4 . . . . . . . . . 1 . . Machine Destruction 5 | . . . . . . . 4 . . . . . . . . . 1 . . Fabnet Peak Effective % . | . . . . . . . . . . . . . . . . . . . . Robots Rewired 15 | . . . . . . . . . . 14 . . . . . . 1 . . Allies Hacked . | . . . . . . . . . . . . . . . . . . . . Hacks Repelled . | . . . . . . . . . . . . . . . . . . . . Allies | -11 -10 -10 -9 -9 -9 -7 -7 -7 -6 -6 -6 -6 -6 -5 -4 -3 -3 -2 -2 -------- Run | Yrd Mat Min Mat Sto Rec Fac Gar Fac Fac Ext Cet Arc Hub Fac Fac Res Tes Res Qua Total Allies 35 | . . . . . . . 2 . . 27 5 . . . . . 1 . . Largest Group 16 | . . . . . . . 2 1 . 16 16 12 7 . . . 1 . . Highest-Rated Group 865 | . . . . . . . 175 95 . 600 865 740 403 . . . 47 . . Highest-Rated Ally 159 | . . . . . . . 95 95 . 159 153 153 96 . . . 47 . . Total Orders 1 | . . . . . . . . . . . . . . . . . 1 . . EXPLORE 1 | . . . . . . . . . . . . . . . . . 1 . . Ally Attacks 371 | . . . . . . . 6 7 . 195 113 28 22 . . . . . . Total Damage 8327 | . . . . . . . 288 336 . 3595 2996 807 305 . . . . . . Kills 53 | . . . . . . . 2 2 . 24 16 5 4 . . . . . . Allies Corrupted . | . . . . . . . . . . . . . . . . . . . . Allies Melted 1 | . . . . . . . 1 . . . . . . . . . . . . Intel | -11 -10 -10 -9 -9 -9 -7 -7 -7 -6 -6 -6 -6 -6 -5 -4 -3 -3 -2 -2 ------- Run | Yrd Mat Min Mat Sto Rec Fac Gar Fac Fac Ext Cet Arc Hub Fac Fac Res Tes Res Qua Robot Analysis Total 8 | . 2 . 2 2 1 . . . 1 . . . . . . . . . . Derelict Logs Recovered . | . . . . . . . . . . . . . . . . . . . . Drone Launches 2 | . . . . . . . . . . . . . . . . . 2 . . Drone Recoveries . | . . . . . . . . . . . . . . . . . . . . Exploration | -11 -10 -10 -9 -9 -9 -7 -7 -7 -6 -6 -6 -6 -6 -5 -4 -3 -3 -2 -2 ------------- Run | Yrd Mat Min Mat Sto Rec Fac Gar Fac Fac Ext Cet Arc Hub Fac Fac Res Tes Res Qua Turns Passed 30125 | 94 1672 230 2081 1627 2663 1292 1624 3200 1678 1692 911 290 615 1644 944 2635 2504 1360 1369 Spaces Moved 18894 | 53 716 126 910 699 1359 773 1131 3203 1281 892 541 281 275 1295 697 1758 1821 576 507 Core 40 | 4 . . . . . . . . . . . . . . . . . . 36 Treads 7946 | 49 716 126 910 699 1352 718 . . . . . . 75 981 98 1248 973 . 1 Legs 3788 | . . . . . 7 55 329 . 1192 . . . 34 314 599 419 161 208 470 Wheels 1577 | . . . . . . . . 1525 52 . . . . . . . . . . Hover 2972 | . . . . . . . . . 37 892 541 281 166 . . . 687 368 . Flight 2571 | . . . . . . . 802 1678 . . . . . . . 91 . . . Fastest Speed 46 | 50 160 160 160 160 112 112 70 70 56 56 56 56 56 74 61 46 71 121 50 Average Speed 109 | 151 160 160 160 160 136 133 82 70 87 65 95 56 77 80 73 134 108 180 204 Slowest Speed 1000 | 160 160 160 240 160 210 182 172 79 145 153 153 56 171 153 153 177 177 241 1000 Overloaded Moves . | . . . . . . . . . . . . . . . . . . . . Propulsion Burnouts . | . . . . . . . . . . . . . . . . . . . . Robots Hopped 15 | . . . . . . . . 15 . . . . . . . . . . . Cave-ins Triggered . | . . . . . . . . . . . . . . . . . . . . Exploration Rate (%) 55 | 6 96 26 76 73 99 20 72 81 29 84 90 88 38 28 21 48 94 11 39 Regions Visited 19 Branch Regions 9 Pre-discovered Areas 12 | . 1 . 1 1 9 . . . . . . . . . . . . . . Known Exits Taken 14 | . 1 . 1 1 1 1 . 1 1 1 1 1 1 . . 1 1 1 . Unknown Exits Taken 4 | 1 . 1 . . . . . . . . . . . 1 1 . . . . Scrap Searched 1 | . . 1 . . . . . . . . . . . . . . . . . Spaces Dug 34 | . . . 1 4 . . . 9 5 . . . 4 . . 1 3 7 . Terrain Destroyed 757 | . . . 18 37 . . 144 29 13 29 . 1 120 36 27 162 109 32 . Melee 34 | . . . 1 4 . . . 9 5 . . . 4 . . 1 3 7 . Projectile 168 | . . . . . . . 7 20 8 3 . 1 17 24 12 33 37 6 . AOE 555 | . . . 17 33 . . 137 . . 26 . . 99 12 15 128 69 19 . Terrain Rammed . | . . . . . . . . . . . . . . . . . . . . Walls Destroyed . | . . . . . . . . . . . . . . . . . . . . Machines Disabled . | . . . . . . . . . . . . . . . . . . . . Actions | -11 -10 -10 -9 -9 -9 -7 -7 -7 -6 -6 -6 -6 -6 -5 -4 -3 -3 -2 -2 --------- Run | Yrd Mat Min Mat Sto Rec Fac Gar Fac Fac Ext Cet Arc Hub Fac Fac Res Tes Res Qua Total 26858 | 63 1152 141 1377 1052 2131 1026 1669 3983 1770 1888 910 404 596 1821 1089 1981 2245 826 734 Wait 5845 | . 361 2 309 240 691 222 321 617 396 716 330 94 246 412 339 87 225 144 93 Move 18848 | 52 715 125 909 698 1358 772 1129 3175 1280 891 540 280 274 1294 696 1757 1821 575 507 Hop 12 | . . . . . . . . 12 . . . . . . . . . . . Pick Up 195 | 4 10 5 23 9 13 9 5 13 10 2 5 5 2 11 3 31 21 8 6 Fast Attach 82 | 6 3 . 10 3 2 1 5 7 1 . 3 1 . 5 4 8 3 3 17 Attach 88 | . . 2 12 6 5 5 1 6 5 . 2 2 5 8 4 6 2 7 10 Detach 49 | . . . 2 . 9 2 . 5 4 . 3 1 . 4 4 3 1 7 4 Swap 337 | 1 3 . 22 10 11 5 20 49 35 24 6 6 22 26 11 19 43 14 10 Drop 170 | . 11 . 13 5 18 6 9 13 7 2 6 8 . 5 3 24 23 6 11 Fire 749 | . 49 7 74 55 24 4 73 72 22 28 6 7 42 50 25 41 61 53 56 Melee 52 | . . . 1 8 . . 4 9 5 . 1 . 5 . . 3 7 9 . Ram 3 | . . . . . . . . . . . . . . . . . . . 3 Kick . | . . . . . . . . . . . . . . . . . . . . Crush 3 | . . . 2 1 . . . . . . . . . . . . . . . Escape Stasis 133 | . . . . . . . 102 5 5 8 . . . 6 . 2 . . 5 Rewire 192 | . . . . . . . . . . 185 . . . . . . 7 . . Trap . | . . . . . . . . . . . . . . . . . . . . Miscellaneous 100 | . . . . 17 . . . . . 32 8 . . . . . 31 . 12 Route ------- -11/Scrapyard -10/Materials (discovered 5 exits: *Mat x3 / *Min / Sub) -10/Mines (discovered 2 exits: *Mat / Sub) -9/Materials (discovered 6 exits: *Mat x3 / *Min x2 / *Sto) -9/Storage (discovered 2 exits: Mat / *Rec) -9/Recycling -7/Factory (discovered 2 exits: *Fac / Gar) -7/Garrison (discovered 3 exits: *Fac x3) -7/Factory (discovered 3 exits: *Fac / *Low x2) -6/Factory (discovered 2 exits: *Fac / *Ext) -6/Extension (discovered 3 exits: *Fac x2 / *Cet) -6/Cetus (discovered 2 exits: *Fac / *Arc) -6/Archives (discovered 2 exits: *Hub x2) -6/Hub_04(d) -5/Factory (discovered 2 exits: *Fac / [*Upp]) -4/Factory (discovered 2 exits: *Res / [*Upp]) -3/Research (discovered 2 exits: *Res / *Tes) -3/Testing -2/Research -2/Quarantine History --------- Turn | Location | Event 13 | -11/Scrapyard | Discovered new exit (range 15) 95 | -11/Scrapyard | Entered Materials 301 | -10/Materials | Build established: Mutant 600 | -10/Materials | Discovered new exit (range 13) 1050 | -10/Materials | Discovered new exit (range 5) 1175 | -10/Materials | Discovered new exit (range 9) 1478 | -10/Materials | Discovered new exit (range 4) 1574 | -10/Materials | Central database locked down 1599 | -10/Materials | Learned Storage emergency access door positions 1639 | -10/Materials | Identified exit to Subcaves 1669 | -10/Materials | Learned location of Recycling (-9) 1689 | -10/Materials | Loaded intel: 37 machine locations 1699 | -10/Materials | Learned 4 Subcaves zone layouts 1702 | -10/Materials | Learned Storage trap positions 1733 | -10/Materials | Identified exit to Mines 1765 | -10/Materials | Learned 2 Materials zone layouts 1767 | -10/Materials | Entered Mines 1930 | -10/Mines | Discovered new exit (range 10) 1937 | -10/Mines | Assembled infested the area 1942 | -10/Mines | Assisted by a Guerilla fighting off Assembled 1991 | -10/Mines | Core integrity fell below 50% 1997 | -10/Mines | Entered Materials 1997 | -9/Materials | Evolved 2 slots: Utility x2 2295 | -9/Materials | Lost 8 parts (1p2n3u2w) 2449 | -9/Materials | Discovered new exit (range 9) 2512 | -9/Materials | Build established: Scavenger-Mutant 2543 | -9/Materials | Discovered new exit (range 15) 3282 | -9/Materials | Discovered new exit (range 6) 3368 | -9/Materials | Identified exit to Storage 3569 | -9/Materials | Discovered new exit (range 3) 3798 | -9/Materials | Learned Storage security intel 3848 | -9/Materials | Loaded intel: 12 terminal locations 3888 | -9/Materials | Learned Materials terminal intel 3920 | -9/Materials | Identified exit to Mines 3920 | -9/Materials | Identified exit to Materials 3941 | -9/Materials | Learned location of 2 exits from Materials 4012 | -9/Materials | Loaded intel: 2 repair station locations 4078 | -9/Materials | Entered Storage 4079 | -9/Storage | Identified exit to Recycling 4080 | -9/Storage | Loaded intel: 17 trap records 4638 | -9/Storage | Core integrity fell below 50% 5331 | -9/Storage | Learned Materials stockpile data 5394 | -9/Storage | Learned location of Mines (-9) 5519 | -9/Storage | Learned location of 1 exit from Recycling 5578 | -9/Storage | Learned Storage emergency access door positions 5612 | -9/Storage | Learned location of 1 exit from Storage 5658 | -9/Storage | Learned 2 Materials zone layouts 5705 | -9/Storage | Entered Recycling 5706 | -9/Recycling | Identified exit to Factory 6622 | -9/Recycling | Identified exit to Scraptown 6682 | -9/Recycling | Learned Storage terminal intel 6731 | -9/Recycling | Learned location of 1 exit from Recycling 6812 | -9/Recycling | Learned Storage garrison access intel 6839 | -9/Recycling | Learned location of 1 exit from Storage 6842 | -9/Recycling | Scanned before Scraplab entrance 6856 | -9/Recycling | Angered Scraplab inhabitants 6876 | -9/Recycling | Core integrity fell below 20% 6920 | -9/Recycling | Learned Materials recycling unit intel 6925 | -9/Recycling | Lost 3 parts (1n1u1w) 6933 | -9/Recycling | Found Prototype Device 6933 | -9/Recycling | Identified Scrap Engine 7297 | -9/Recycling | Build established: Construct 8368 | -9/Recycling | Entered Factory 8368 | -7/Factory | Evolved 4 slots: Propulsion x1, Utility x2, Weapon x1 9026 | -7/Factory | Discovered new exit (range 8) 9039 | -7/Factory | Identified exit to Factory 9636 | -7/Factory | Identified exit to Garrison 9660 | -7/Factory | Entered Garrison 9678 | -7/Garrison | Triggered checkpoint 10147 | -7/Garrison | Spotted B-75 Beast 10157 | -7/Garrison | Destroyed B-75 Beast 10476 | -7/Garrison | Triggered checkpoint 10637 | -7/Garrison | Discovered new exit (range 14) 10646 | -7/Garrison | Identified exit to Factory 10688 | -7/Garrison | Triggered checkpoint 10714 | -7/Garrison | Discovered exit to Factory (range 18) 10714 | -7/Garrison | Discovered exit to Factory (range 76) 10714 | -7/Garrison | Discovered exit to Factory (range 31) 10722 | -7/Garrison | Found embedded Infiltrators 10818 | -7/Garrison | Installed Relay Interface Framework 10870 | -7/Garrison | Triggered checkpoint 11148 | -7/Garrison | Expanded RIF knowledge: Watcher Feeds 11181 | -7/Garrison | Garrison Relay disabled 11284 | -7/Garrison | Entered Factory 11284 | -7/Factory | Accompanied by 1 ally 13739 | -7/Factory | Core integrity fell below 50% 14167 | -7/Factory | Discovered new exit (range 16) 14176 | -7/Factory | Identified exit to Lower Caves 14367 | -7/Factory | Discovered exit to Lower Caves (range 9) 14466 | -7/Factory | Discovered exit to Factory (range 16) 14484 | -7/Factory | Entered another Factory area 14484 | -6/Factory | Evolved 2 slots: Propulsion x1, Utility x1 15497 | -6/Factory | Discovered new exit (range 10) 15514 | -6/Factory | Identified exit to Factory 15557 | -6/Factory | Spotted B-75 Beast 16158 | -6/Factory | Discovered new exit (range 6) 16161 | -6/Factory | Identified exit to Extension 16162 | -6/Factory | Entered Extension 16496 | -6/Extension | Rescued a captive Derelict 16497 | -6/Extension | Rescued a captive Derelict 16571 | -6/Extension | Rescued a captive Derelict 16606 | -6/Extension | Rescued a captive Derelict 16657 | -6/Extension | Rescued A7 16778 | -6/Extension | Rescued a captive Derelict 16781 | -6/Extension | Rescued a captive Derelict 17167 | -6/Extension | Spotted B-75 Beast 17181 | -6/Extension | Spotted B-75 Beast 17181 | -6/Extension | Allies destroyed B-75 Beast 17190 | -6/Extension | Destroyed B-75 Beast 17228 | -6/Extension | Lost 6 allies 17256 | -6/Extension | Discovered exit to Factory (range 2) 17278 | -6/Extension | Rescued a captive Derelict 17279 | -6/Extension | Rescued a captive Derelict 17642 | -6/Extension | Rescued a captive Derelict 17644 | -6/Extension | Rescued a captive Derelict 17730 | -6/Extension | Rescued a captive Derelict 17730 | -6/Extension | Rescued a captive Derelict 17800 | -6/Extension | Discovered exit to Factory (range 10) 17801 | -6/Extension | Discovered new exit (range 6) 17821 | -6/Extension | Identified exit to Cetus 17854 | -6/Extension | Build established: Commander-Construct 17854 | -6/Extension | Entered Cetus 17854 | -6/Cetus | Accompanied by 16 allies (A7) 17859 | -6/Cetus | Acquired a Cetus Manufacturing Module code from A7 17887 | -6/Cetus | Spotted Cetus Guard 17887 | -6/Cetus | Spotted Cetus Guard 17892 | -6/Cetus | Spotted Cetus Guard 17892 | -6/Cetus | Spotted Cetus Guard 17895 | -6/Cetus | Allies destroyed Cetus Guard 17916 | -6/Cetus | Allies destroyed Cetus Guard 17922 | -6/Cetus | Allies destroyed Cetus Guard 17926 | -6/Cetus | Allies destroyed Cetus Guard 17949 | -6/Cetus | Lost 7 allies 17972 | -6/Cetus | Started Cetus Manufacturing Module 17997 | -6/Cetus | Manufactured an Enhanced Grunt 18022 | -6/Cetus | Manufactured an Enhanced Grunt 18047 | -6/Cetus | Manufactured an Enhanced Grunt 18072 | -6/Cetus | Manufactured an Enhanced Grunt 18082 | -6/Cetus | Escorted A7 to Cetus Mainframe 18097 | -6/Cetus | Manufactured an Enhanced Grunt 18321 | -6/Cetus | Discovered exit to Factory (range 16) 18582 | -6/Cetus | Discovered new exit (range 16) 18595 | -6/Cetus | Identified exit to Archives 18604 | -6/Cetus | Security sweep announced 18647 | -6/Cetus | Spotted Cetus Guard 18647 | -6/Cetus | Spotted Cetus Guard 18648 | -6/Cetus | Spotted Cetus Guard 18648 | -6/Cetus | Spotted Cetus Guard 18652 | -6/Cetus | Allies destroyed Cetus Guard 18654 | -6/Cetus | Allies destroyed Cetus Guard 18659 | -6/Cetus | Allies destroyed Cetus Guard 18660 | -6/Cetus | Allies destroyed Cetus Guard 18765 | -6/Cetus | Entered Archives 18765 | -6/Archives | Accompanied by 12 allies (A7) 18770 | -6/Archives | Received a hacking code to weaken MAIN.C 18819 | -6/Archives | Lost 4 allies 18860 | -6/Archives | Found Prototype Device 18861 | -6/Archives | Identified Exp. Thermal Shield 18883 | -6/Archives | Unable to access archive contents 18893 | -6/Archives | Unable to access archive contents 18895 | -6/Archives | Discovered new exit (range 15) 18907 | -6/Archives | Discovered new exit (range 13) 18921 | -6/Archives | Identified exit to Hub_04(d) 19055 | -6/Archives | Entered Hub_04(d) 19055 | -6/Hub_04(d) | Accompanied by 7 allies 19290 | -6/Hub_04(d) | Lost 5 allies 19405 | -6/Hub_04(d) | First assault squad dispatched 19548 | -6/Hub_04(d) | Build established: Construct 19626 | -6/Hub_04(d) | Discovered exit to Factory (range 16) 19664 | -6/Hub_04(d) | Destroyed 7 combat bots 19670 | -6/Hub_04(d) | Entered Factory 19670 | -5/Factory | Evolved 2 slots: Power x1, Utility x1 20401 | -5/Factory | Discovered new exit (range 16) 21105 | -5/Factory | Discovered new exit (range 15) 21314 | -5/Factory | Entered another Factory area 21314 | -4/Factory | Evolved 2 slots: Propulsion x1, Utility x1 21497 | -4/Factory | Fabricated Matter Neutralizer (x2) 21831 | -4/Factory | Discovered new exit (range 12) 22143 | -4/Factory | Discovered new exit (range 7) 22258 | -4/Factory | Entered Research 22258 | -3/Research | Evolved 2 slots: Utility x2 22458 | -3/Research | Revision forces began assault on 0b10 22512 | -3/Research | Met up with Revision 17++ 22558 | -3/Research | Build established: Scavenger-Construct 22958 | -3/Research | Research terminal network offline 23094 | -3/Research | Found Quantum Capacitor 23113 | -3/Research | Discovered new exit (range 16) 23257 | -3/Research | Build established: Construct 23340 | -3/Research | Discovered new exit (range 3) 23343 | -3/Research | Identified exit to Testing 23847 | -3/Research | Found Prototype Processor 23855 | -3/Research | Identified Exp. Core Analyzer 23859 | -3/Research | Spotted Executioner 23862 | -3/Research | Spotted Striker 24011 | -3/Research | Found Prototype Processor 24012 | -3/Research | Identified Exp. Targeting Computer 24065 | -3/Research | Spotted Striker 24067 | -3/Research | Spotted Striker 24188 | -3/Research | Spotted Executioner 24189 | -3/Research | Spotted Striker 24495 | -3/Research | Spotted Striker 24503 | -3/Research | Spotted Executioner 24525 | -3/Research | Destroyed Executioner 24595 | -3/Research | Spotted Striker 24681 | -3/Research | Spotted Striker 24686 | -3/Research | Destroyed Striker 24812 | -3/Research | Spotted Striker 24893 | -3/Research | Entered Testing 25145 | -3/Testing | Found Prototype Ballistic Gun 25286 | -3/Testing | Identified Hyp. Multirail 25403 | -3/Testing | Found Prototype Device 25407 | -3/Testing | Identified Exp. Sensor Array 25670 | -3/Testing | Spotted PL-NZEJNJRCQV 26180 | -3/Testing | Found Prototype Device 26184 | -3/Testing | Identified Exp. Hardlight Generator 26252 | -3/Testing | Found Prototype Leg 26301 | -3/Testing | Identified Myomer Exoskeleton 26539 | -3/Testing | Discovered new exit (range 11) 26605 | -3/Testing | Identified exit to Research 26626 | -3/Testing | Found Prototype Energy Cannon 26645 | -3/Testing | Identified Potential Cannon 26658 | -3/Testing | Found Prototype Energy Cannon 26659 | -3/Testing | Identified Imp. Potential Cannon 27181 | -3/Testing | Destroyed PL-NZEJNJRCQV 27397 | -3/Testing | Entered Research 27397 | -2/Research | Evolved 2 slots: Utility x2 27802 | -2/Research | Build established: Scavenger-Construct 28259 | -2/Research | Found Prototype Device 28280 | -2/Research | Identified Active Sensor Suite 28474 | -2/Research | Discovered new exit (range 10) 28526 | -2/Research | Identified exit to Quarantine 28703 | -2/Research | Found Prototype Processor 28725 | -2/Research | Build established: Scavenger-Skirmisher 28754 | -2/Research | Identified Exp. Terrain Scan Processor 28757 | -2/Research | Entered Quarantine 28876 | -2/Quarantine | Cryocooling Duct disabled 28891 | -2/Quarantine | Ambient heat levels rising (+20) 28891 | -2/Quarantine | Non-combat units ordered to evacuate 29135 | -2/Quarantine | Found Prototype Device 29139 | -2/Quarantine | Identified Adv. Kinecellerator 29156 | -2/Quarantine | Found Alien Artifact 29170 | -2/Quarantine | Identified Core Reset Matrix 29170 | -2/Quarantine | Used Core Reset Matrix 29174 | -2/Quarantine | Detected hypermatrix surge 29174 | -2/Quarantine | Sensed 11 artifacts in vicinity 29319 | -2/Quarantine | Found Phase Redirector 29600 | -2/Quarantine | Found Prototype Launcher 29600 | -2/Quarantine | Identified Tactical Quantum Warhead 29954 | -2/Quarantine | Lost 6 parts (2p3u1w) 30070 | -2/Quarantine | System corruption reached 10% 30075 | -2/Quarantine | Released all parts (8) 30095 | -2/Quarantine | Core integrity fell below 50% 30112 | -2/Quarantine | Core integrity fell below 20% 30113 | -2/Quarantine | Found Subatomic Replicator 30126 | -2/Quarantine | Destroyed by X-87 Electro with Compact HERF Cannon Last Messages --------------- 30117_ Acquired Subatomic Replicator. 30117_ Unable to initiate replication process, detached Subatomic Replicator. 30118_ Acquired Subatomic Replicator. 30118_ Unable to initiate replication process, detached Subatomic Replicator. 30120_ Slammed into X-87 Electro. 30121_ Acquired Subatomic Replicator. 30121_ Unable to initiate replication process, detached Subatomic Replicator. 30123_ X-87 Electro destroyed. 30124_ Dropped EM Disruption Field. 30124_ Acquired Subatomic Replicator. 30125_ Unable to initiate replication process, detached Subatomic Replicator. 30126_ Slug penetrates Wall. 30126_ Slug penetrates Suspension Chamber. 30126_ Acquired Corrupted Unknown Reactor. 30126_ Identified Quantum Reactor. 30126_ Integrated Corrupted Quantum Reactor (+2). Map ----- +----------------------------------------------------+ | #??# " " ""?????????????????????????????????? | | #??# """ T"#????????????????????????????????? | | #??# ""#????????????????????????????????? | | #??# """ ""#????????????????????????????????? | | #??# " " ###????????????????????????????????? | | #??# ""? #??????????????????????????????????? | | #??#???? #??????????????????????????????????? | | #???????#####??????????????????????????????????? | | #??????????????????????????????????????????????? | | #??????????????????????????????????????????????? | | %[####???????????????????????????????????????????? | | ! #???????????????????????????????????????????? | | #?????????????????????????????????? ????????? | | #????????????????????????????????? ????????? | | ####??????????????????????????????? #?????????? | | *#????????????????????????????????? #?????????? | | [%################################# #?????????? | | ! ! ! #?????????? | | ### !!! ! #?????????? | | ??# |!!] #?????????? | | ??# !!!!! #?????????? | | ??######## ##############h######+####?????????? | | ?????????# #??????# p=! #??? ?????????????? | | ?????????# #??????# =]! # """?????????????? | | ?????????#####??????# !xx" + ""??????????????? | | ????????????????????# ""@ !"" # ""??????????????? | | ?????????????????????# "" ! #?????????????????? | | ?????????????????????# T " " #?????????????????? | | ?????????????????????# " #?????????????????? | | ?????????????????????# #?????????????????? | | ?????????????????????###########?????????????????? | | ?????????????????????????????????????????????????? | | ?????????????????????????????????????????????????? | | ?????????????????????????????????????????????????? | | ?????????????????????????????????????????????????? | | ?????????????????????????????????????????????????? | | | | | | | | | | | | | | | | | | | | | | | | | | | | | +----------------------------------------------------+ Best States ------------- Heat Dissipation 101 Coolant Potential 100 Energy Generation 66 Energy Capacity 1104 Matter Stores 300 Matter Capacity 300 Sight Range 22 Robot Scan Range 20 Terrain Scan Density 10 ECM Strength 2 Jamming Range 16 Cloak Strength 3 Additional Mass Support 12 Base Temperature (-) 200 EM Shielding 3 Corruption Block 8 Armor Coverage 450 Resistance: KI 30 Resistance: TH 30 Resistance: EM 25 Point Defense Rating 240 Weapon Cycling 20 Phase Shifting 5 Evasion (%) 62 Targeting Accuracy 12 Target Analysis 6 Core Analysis 8 Recoil Reduction 5 Particle Charging 25 Offensive Hacking 10 Defensive Hacking 10 Item Schematics ----------------- None Robot Schematics ------------------ None Fabricated ------------ Matter Neutralizer | x2 | -4/Factory | Preloaded Alien Tech Used ----------------- Core Reset Matrix Subatomic Replicator Achievements -------------- Alien Roots Main Advantage No Explosion For You Project G-00 Revolutionary Research Challenges ------------ None Game ------ Seed HoverStormRay Manual? 0 Play Time 09:46:16 Cumulative 216.3 hours Start 2024.12.07 @ 14:46:23 End 2024.12.08 @ 02:46:25 Sessions 7 Manual Loads 0 Difficulty Rogue Special Mode None Game No. 156 Rogue 123 Adventurer 0 Explorer 33 Win Type - Total 4 Types 4/0/0/0/0/0/0/0/0 Lore% 39 Gallery% 63 Achievement% 60 Wizard Run 0 Options --------- Layout 2 ASCII 0 Keyboard 1 Movement Vi Keybinds 0 Fullscreen 1 Font 16/SmallcapsGlow Map View 53x45 Zoom Use 0% Tactical HUD 1 Map Filters NONE Filters LOW_CONTRAST(47,30,31) Steam 1 RUN: 6aebd9e3-3525-4861-a930-5b99e86b5270